 Dungeon Crawl Stone Soup version 0.29-a0-1047-g7c58e119a4 (webtiles) character file.

Game seed: 13871120986995350922

1 Zeldest the Sneak (level 1, 0/11 HPs)
             Began as a Vine Stalker Delver on Aug 16, 2022.
             Slain by a quokka (1 damage)
             ... on level 3 of the Dungeon.
             The game lasted 00:00:36 (57 turns).

Zeldest the Sneak (Vine Stalker Delver)               Turns: 57, Time: 00:00:37

Health: 0/11       AC:  3    Str: 14    XL:     1   Next: 20%
Magic:  0/2        EV: 11    Int: 10    God:
Gold:   23         SH:  0    Dex: 15    Spells: 0/0 levels left

rFire   . . .      SeeInvis .   h - +0 dagger
rCold   . . .      Faith    .   (no shield)
rNeg    . . .      Spirit   +   b - +0 leather armour
rPois   .          Reflect  .   (no helmet)
rElec   .          Harm     .   (no cloak)
rCorr   .          Rampage  .   (no gloves)
Will    .....                   (no boots)
Stlth   +++.......              (no amulet)
HPRegen 0.03/turn               (no ring)
MPRegen 0.08/turn               (no ring)

@: no status effects
A: fangs 2, magic shield, antimagic bite, no potion heal 2
a: no special abilities


You were on level 3 of the Dungeon.
You visited 1 branch of the dungeon, and saw 3 of its levels.

You collected 23 gold pieces.

Inventory:

Hand Weapons
 a - a +0 short sword
 h - a +0 dagger (weapon)
Armour
 b - a +0 leather armour (worn)
Wands
 g - a wand of digging (3)
Scrolls
 c - a scroll of fog
 d - a scroll of magic mapping
 e - a scroll of fear
 i - a scroll of immolation {unknown}
 j - a scroll of blinking {unknown}
Potions
 f - a potion of haste


   Skills:
 + Level 2.7 Fighting
 - Level 1.7 Short Blades
 + Level 1.6 Dodging
 - Level 6.0 Stealth
 * Level 0.2 Unarmed Combat


You couldn't memorise any spells.
You didn't know any spells.
Your spell library was empty.

Dungeon Overview and Level Annotations

Branches:
Dungeon (5/15)
 Temple: D:4-7

Altars:


Innate Abilities, Weirdness & Mutations

You have extremely sharp teeth.
When hurt, damage is shared between your health and your magic reserves.
Your bite disrupts and absorbs the magic of your enemies.
Potions cannot restore your health.


Message History

You see here a +0 dagger.
h - a +0 dagger (weapon)
Found 11 gold pieces.
Found a scroll labelled EVYSUR JENUGRU.
Found 4 poisoned darts and 12 gold pieces.
You now have 11 gold pieces.
Found a scroll labelled NORUOSSU OFIFF.
i - a scroll labelled EVYSUR JENUGRU
j - a scroll labelled NORUOSSU OFIFF A quokka comes into view.
An endoplasm comes into view.
You see here 12 gold pieces.
You now have 23 gold pieces (gained 12).
Found 17 gold pieces and a chain mail.
You barely miss the endoplasm. You bite the endoplasm. You drain its power.
The endoplasm is heavily wounded.
The endoplasm hits you but does no damage.
You hit the endoplasm.
You kill the endoplasm!
You hit the quokka but do no damage. Your bite misses the quokka.
The quokka bites you.
You miss the quokka. You bite the quokka. You drain its power.
The quokka is severely wounded.
The quokka bites you but does no damage.
You hit the quokka but do no damage.
The quokka is heavily wounded.
The quokka bites you but does no damage.
The quokka bites you.
You miss the quokka.
The quokka is heavily wounded.
The quokka bites you.
* * * LOW HITPOINT WARNING * * *
You hit the quokka.
The quokka is almost dead.
The quokka bites you.
* * * LOW HITPOINT WARNING * * *
You hit the quokka but do no damage. Your bite misses the quokka.
The quokka is almost dead.
The quokka bites you.
You die...

# ## . . .#
##+###.###.#.# .
.........$ .
#.###...#..#####.
#..............#.
#.......@r..##.#..
#.......##..##.#..###
#............#.#....#
#...........##.#.##.#####
#.......#.#..#.#.##.....#
#....#....##.#.#.#.####.#
#....#.#####(..#.....## #
#... #. ##.........# #..[
+. #..#..#####.#


You could see a quokka.

Vanquished Creatures
  An endoplasm (D:3)
1 creature vanquished.

Notes
Turn   | Place    | Note
-------+----------+-------------------------------------------
     0 | D:5      | Zeldest the Vine Stalker Delver began the quest for the
                  | Orb.
     0 | D:5      | Reached XP level 1. HP: 11/11 MP: 2/2
    57 | D:3      | Slain by a quokka

Illustrated notes

Levels and vault maps discovered:
D:3:      layout_basic, feat_on_display
D:4:      layout_basic, serial_shops, nicolae_shop_statue_plus,
          gammafunk_ghost_split, uniq_natasha
D:5:      layout_rooms, nicolae_specific_store

Action                   || total
-------------------------++-------
Melee: Dagger            ||     8
       Bite              ||     2
Armor: Leather armour    ||     3

Table legend: (Time is in decaauts)
 A = Elapsed time spent in this place.
 B = Non-inter-level travel time spent in this place.
 C = Inter-level travel time spent in this place.
 D = Time resting spent in this place.
 E = Time spent auto-exploring this place.
 F = Levels seen in this place.
 G = Mean time per level.
                   A        B        C        D        E       F      G
               +--------+--------+--------+--------+--------+-----+--------+
         Total |     55 |     55 |      0 |      0 |      0 |   3 |   18.3 |
       Dungeon |     55 |     55 |      0 |      0 |      0 |   3 |   18.3 |
               +--------+--------+--------+--------+--------+-----+--------+

Top non-repeatable levels by time:
     D:3: 46 daAuts
     D:4: 4 daAuts
     D:5: 4 daAuts
